 Dungeon Crawl Stone Soup version 0.29-a0-504-gec6baf379c (webtiles) character file.

Game seed: 4510296097399181236

301 Gargoyl the Chopper (level 6, 0/39 HPs)
             Began as a Gargoyle Berserker on May 28, 2022.
             Was a Believer of Trog.
             Slain by Duvessa
             ... wielding a +0 rapier
              (11 damage)
             ... on level 4 of the Dungeon.
             The game lasted 00:03:59 (3039 turns).

Gargoyl the Chopper (Gargoyle Berserker)            Turns: 3039, Time: 00:04:00

Health: 0/39       AC: 15    Str: 24    XL:     6   Next: 37%
Magic:  15/15      EV: 12    Int:  7    God:    Trog [**....]
Gold:   230        SH:  0    Dex: 11    Spells: 5/5 levels left

rFire   + . .      SeeInvis .   a - +1 hand axe (chaos)
rCold   + . .      Faith    .   (no shield)
rNeg    + . .      Spirit   .   r - +0 leather armour {rF+}
rPois   ∞          Reflect  .   h - +2 helmet
rElec   +          Harm     .   o - +1 cloak "Zeobam" {rC+}
rCorr   .          Rampage  .   n - +1 pair of gloves {Str+3}
Will    .....                   (no boots)
Stlth   +.........              (no amulet)
HPRegen 0.13/turn               i - ring of magical power
MPRegen 0.14/turn               g - ring of flight

@: confused, ambrosia-drunk, on berserk cooldown, flying, slowed, very slow
A: sickness immunity, AC +4, negative energy resistance 1, electricity
resistance, torment resistance 1, petrification resistance
a: Renounce Religion, Berserk, Trog's Hand


You were on level 4 of the Dungeon.
You worshipped Trog.
Trog was pleased with you.
You visited 1 branch of the dungeon, and saw 4 of its levels.

You collected 230 gold pieces.

Inventory:

Hand Weapons
 a - a +1 hand axe of chaos (weapon)
Missiles
 k - 6 poisoned darts (quivered)
Armour
 h - a +2 helmet (worn)
 n - a +1 pair of gloves of strength (worn)
 o - the +1 cloak "Zeobam" (worn) {rC+}
   (You found it on level 3 of the Dungeon)

   rC:        It protects you from cold.
 r - a +0 leather armour of fire resistance (worn)
Jewellery
 g - a ring of flight (right hand)
 i - a ring of magical power (left hand)
Wands
 j - a wand of flame (16)
Scrolls
 l - a scroll of teleportation
Potions
 c - a potion of cancellation {unknown}
 d - a potion of ambrosia
 e - 2 potions of heal wounds {unknown}
 m - a potion of curing {unknown}
 q - a potion of invisibility
 t - a potion of mutation {unknown}


   Skills:
 + Level 4.3 Fighting
 + Level 4.5 Axes
 + Level 2.8 Armour
 + Level 3.1 Dodging
 + Level 1.3 Stealth


You had 5 spell levels left.
You didn't know any spells.
Your spell library was empty.

Dungeon Overview and Level Annotations

Branches:
Dungeon (4/15)
 Temple: D:4-7

Altars:
Okawaru
Yredelemnul

Shops:
D:1 !

Annotations:
D:4 Dowan, Duvessa


Innate Abilities, Weirdness & Mutations

You are immune to sickness and miasma.
Your stone body is resilient. (AC +4)
You are immune to poison.
You resist negative energy. (rN+)
You are resistant to electric shocks. (rElec)
You are resistant to unholy torment.
You are immune to petrification.


Message History

The orc wizard casts a spell.
The orc wizard flickers and vanishes!
Deactivating autopickup; reactivate with Ctrl-A.
Duvessa completely misses you. Duvessa closely misses you.
You hit Duvessa.
You feel better.
Duvessa is heavily wounded.
Your skin stops crawling.
You feel less strong-willed. Duvessa hits you with a +0 rapier!
Dowan says, "Stay away from my face!"
Duvessa hits you but does no damage.
You hit Duvessa.
Space warps horribly around Duvessa!
Duvessa is severely wounded.
Duvessa hits you with a +0 rapier.
The howler monkey hoots and howls with incredible vigour!
Duvessa hits you with a +0 rapier.
An orc comes into view. It is wielding a +0 falchion.
An iguana comes into view.
Duvessa hits you but does no damage.
The iguana hisses angrily.
You hear an angry hiss.
You are confused.
You feel invigorated. Duvessa hits you with a +0 rapier!
* * * LOW HITPOINT WARNING * * *
The howler monkey hoots and howls with incredible vigour!
Duvessa hits you but does no damage.
Dowan gestures wildly while chanting.
Dowan blinks!
You hear a shout!
You bump into the rock wall.
Duvessa hits you but does no damage. Duvessa hits you with a +0 rapier!
* * * LOW HITPOINT WARNING * * *
Unknown command.
You bump into the rock wall.
Duvessa hits you with a +0 rapier!
* * * LOW HITPOINT WARNING * * *
The howler monkey hoots and howls with incredible vigour!
Duvessa misses you.
Unknown command.
You hit Duvessa. You freeze Duvessa.
Duvessa is severely wounded.
Duvessa hits you with a +0 rapier!
You die...

#......# ### ****#*******
#......########.# **,..<,,,,,,,
#...)....##.....####..#*********
#......#.##.###......#* *
##....<.#........######**********
........†...)(..[#######,,,,,,**,
########>.######........,,,,,,**,
* #.## #.######.,,,,,,**, * *#.#
#@# **,,,,,,**, *** *..# #e####
*,,,,,,**, ,,* #.########h#..#
*,,>,,,**> *,* #.*......{Kl..#
**,,,,,,*,, *,*
#.*.......oo..#**,,,****,,, *,**
*,*....g....###*,,*** *,,,
*,,****,*.........# **,** ***,,*
**,,,,,,*........##**,,*****,,,,*
,,,,,,,**.h!.....$,,,,,,,**,,*,**


You could see Duvessa (berserk, drained), a howler monkey, an iguana, 2 orcs and
a kobold.

Vanquished Creatures
  A necrophage (D:4)
  A scorpion (D:4)
  2 iguanas
  7 adders
  3 dart slugs
  5 endoplasms
  2 giant cockroaches
  11 goblins
  A hobgoblin (D:2)
  5 kobolds
  5 quokkas
  7 ball pythons
  6 bats
  4 frilled lizards
  6 rats
66 creatures vanquished.

Vanquished Creatures (others)
  7 plants (D:3)
7 creatures vanquished.

Grand Total: 73 creatures vanquished

Notes
Turn   | Place    | Note
-------+----------+-------------------------------------------
     0 | D:1      | Gargoyl the Gargoyle Berserker began the quest for the Orb.
     0 | D:1      | Reached XP level 1. HP: 14/14 MP: 1/1
   345 | D:1      | Reached XP level 2. HP: 19/19 MP: 2/2
   483 | D:1      | Found Xafrucoo's Distillery.
  1004 | D:2      | Reached XP level 3. HP: 18/24 MP: 3/3
  1204 | D:2      | Found a faded altar of an unknown god.
  1216 | D:2      | Reached ** piety under Trog
  1530 | D:2      | Reached XP level 4. HP: 29/29 MP: 4/4
  2040 | D:3      | Identified the +1 cloak "Zeobam" {rC+}
  2061 | D:3      | Found a basalt altar of Yredelemnul.
  2418 | D:3      | Reached XP level 5. HP: 28/33 MP: 5/5
  2495 | D:3      | Found an iron altar of Okawaru.
  2986 | D:4      | Reached skill level 1 in Stealth
  2996 | D:4      | Noticed Dowan
  3000 | D:4      | Noticed Duvessa
  3025 | D:4      | Reached XP level 6. HP: 39/39 MP: 6/6
  3039 | D:4      | Slain by Duvessa

Illustrated notes

Levels and vault maps discovered:
D:1:      doesnt_arrival_eight_statues, layout_basic, serial_shops, shop
D:2:      layout_loops_ring, chequers_ecumenical_altar_simple,
          amcnicky_mini_pool_small
D:3:      wad_lake_hut, layout_basic, amcnicky_altar_gilded,
          mainiacjoe_overflow_alcove_4, minmay_misc_feat_pillars,
          minmay_mini_jars
D:4:      minmay_wonky_spiral, layout_rooms, cheibrodos_ashenzari_chains,
          uniq_ijyb, uniq_menkaure, uniq_duvessa

Skill      XL: |  1  2  3  4  5 |
---------------+----------------+-----
Dodging        | 2 3 |  3.1
Axes           | 3 4 |  4.5
Fighting       | 4 |  4.3
Stealth        | 1 |  1.3
Armour         | |  2.8

Action                   |  1- 3 |  4- 6 || total
-------------------------+-------+-------++-------
Melee: Hand axe          |   106 |   128 ||   234
       Punch             |     1 |       ||     1
Invok: Berserk           |     1 |     1 ||     2
       Trog's Hand       |       |     1 ||     1
  Use: Scroll            |     2 |     6 ||     8
       Potion            |       |     1 ||     1
Armor: Animal skin       |    67 |    17 ||    84
       Leather armour    |       |    68 ||    68
Dodge: Dodged            |   108 |    86 ||   194

Table legend: (Time is in decaauts)
 A = Elapsed time spent in this place.
 B = Non-inter-level travel time spent in this place.
 C = Inter-level travel time spent in this place.
 D = Time resting spent in this place.
 E = Time spent auto-exploring this place.
 F = Levels seen in this place.
 G = Mean time per level.
                   A        B        C        D        E       F      G
               +--------+--------+--------+--------+--------+-----+--------+
         Total |   3082 |   2976 |    106 |      0 |   2269 |   4 |  770.5 |
       Dungeon |   3082 |   2976 |    106 |      0 |   2269 |   4 |  770.5 |
               +--------+--------+--------+--------+--------+-----+--------+

Top non-repeatable levels by time:
     D:1: 1015 daAuts
     D:2: 995 daAuts
     D:3: 987 daAuts
     D:4: 82 daAuts
